 Dungeon Crawl Stone Soup version 0.30-a0-626-gd6a5dd7a1f (webtiles) character file.

Game seed: 1176393832902450404

20981 bmack86 the Fighter (level 12, 0/115 HPs)
             Began as a Minotaur Fighter on Jan 11, 2023.
             Was a High Priest of Okawaru.
             Constricted to death by an anaconda simulacrum (2 damage)
             ... in an ice cave.
             The game lasted 00:39:16 (12771 turns).

bmack86 the Fighter (Minotaur Fighter)             Turns: 12771, Time: 00:39:17

Health: 0/115      AC: 21    Str: 34    XL:     12   Next: 50%
Magic:  0/14       EV:  7    Int:  5    God:    Okawaru [*****.]
Gold:   1104       SH:  7    Dex: 10    Spells: 11/11 levels left

rFire   . . .      SeeInvis .    a - +0 war axe
rCold   . . .      Faith    .    c - +1 buckler
rNeg    . . .      Spirit   +    M - +3 scale mail "Ninyseom" {Regen+}
rPois   .          Reflect  .    (helmet restricted)
rElec   +          Harm     .    R - +1 cloak
rCorr   +          Rampage  .    w - +2 pair of gloves
Will    +....                    (no boots) Stlth
                                 k - amulet of Sunlight {Spirit Will+ Str+3}
HPRegen 1.19/turn                e - +4 ring of protection
MPRegen 0.14/turn                Q - ring of Youthful Indiscretion {rElec rCorr Str+7 Dex-2 Slay+4}

@: constricted
A: horns 2, retaliatory headbutt
a: Renounce Religion, Heroism, Finesse, Duel


You were in an ice cave.
You worshipped Okawaru.
Okawaru was extremely pleased with you.
You visited 3 branches of the dungeon, and saw 14 of its levels.
You also visited: Ossuary and Ice Cave.

You collected 1104 gold pieces.

Inventory:

Hand Weapons
 a - a +0 war axe (weapon)
 J - a +4 battleaxe of freezing
Missiles
 p - 6 curare-tipped darts
 A - 10 boomerangs (quivered)
 N - 2 silver javelins
 O - 2 atropa-tipped darts
 P - 7 javelins
Armour
 c - a +1 buckler (worn)
 o - a scarf of invisibility
 w - a +2 pair of gloves (worn)
 x - the +6 scale mail "Kicuet" {rN++ Dex+2}
   (You found it on level 4 of the Dungeon)

   Dex:       It affects your dexterity (+2).
   rN:        It greatly protects you from negative energy.
 D - a +0 plate armour
 M - the +3 scale mail "Ninyseom" (worn) {Regen+}
   (You found it on level 1 of the Lair of Beasts)

   Regen:     It increases your rate of health regeneration.
 R - a +1 cloak (worn)
Jewellery
 b - a ring of see invisible
 e - a +4 ring of protection (left hand)
 h - an amulet of faith
 k - the amulet of Sunlight (around neck) {Spirit Will+ Str+3}
   (You found it on level 3 of the Dungeon)

   [amulet of guardian spirit]

   It causes incoming damage to be divided between your reserves of health and
   magic.
   Str:       It affects your strength (+3).
   Will:      It increases your willpower.
 n - an amulet of magic regeneration
 L - a ring of magical power
 Q - the ring of Youthful Indiscretion (right hand) {rElec rCorr Str+7 Dex-2 Slay+4}
   (You acquired it on level 3 of the Lair of Beasts)

   [ring of slaying]

   Str:       It affects your strength (+7).
   Dex:       It affects your dexterity (-2).
   Slay:      It affects your accuracy & damage with ranged weapons and melee
   (+4).
   rElec:     It insulates you from electricity.
   rCorr:     It protects you from acid and corrosion.
Wands
 q - a wand of paralysis (15)
 B - a wand of acid (5)
 C - a wand of polymorph (7)
 I - a wand of mindburst (5)
Scrolls
 s - a scroll of immolation
 t - 6 scrolls of teleportation
 u - 4 scrolls of fog
 v - a scroll of blinking
 E - 6 scrolls of identify
 F - a scroll of enchant weapon
 G - 3 scrolls of poison
 H - 2 scrolls of fear
Potions
 d - 3 potions of might
 f - a potion of ambrosia
 g - 3 potions of brilliance
 i - 2 potions of haste
 j - 4 potions of resistance
 l - 5 potions of cancellation
 m - 6 potions of curing
 r - 2 potions of magic
 z - a potion of berserk rage
 K - 3 potions of attraction


   Skills:
 * Level 13.5 Fighting
 * Level 13.3 Axes
 + Level 7.4 Throwing
 + Level 10.0 Armour
 + Level 10.1 Shields
 + Level 5.0 Invocations


You had 11 spell levels left.
You didn't know any spells.
Your spell library contained the following spells:

 Spells                   Type           Power      Damage    Failure   Level
 Apportation              Tloc           0%         N/A       73%         1
 Necrotise                Necr           0%         1d4       73%         1
 Sting                    Tmut/Pois      0%         1d3       73%         1
 Cigotuvi's Dreadful Rot  Necr/Pois/Air  0%         N/A       86%         2
 Poisonous Vapours        Pois/Air       0%         N/A       86%         2
 Dazzling Flash           Conj/Hex       0%         N/A       97%         3
 Ignite Poison            Fire/Tmut/Pois 0%         N/A       97%         3
 Kindle Blastsparks       Fire/Tloc/Air  0%         2d10      97%         3
 Ozocubu's Armour         Ice            0%         N/A       97%         3
 Dispel Undead            Necr           0%         3d6       100%        4
 Iskenderun's Mystic Bla  Conj/Tloc      0%         2d3       100%        4
 Olgreb's Toxic Radiance  Pois           0%         N/A       100%        4
 Fireball                 Conj/Fire      0%         3d3       100%        5
 Freezing Cloud           Conj/Ice/Air   0%         6-21      100%        5
 Iskenderun's Battlesphe  Conj           0%         2d6       100%        5
 Conjure Ball Lightning   Conj/Air       0%         3x3d6     100%        6
 Starburst                Conj/Fire      0%         6d3       100%        6
 Orb of Destruction       Conj           0%         9d5       100%        7
 Ozocubu's Refrigeration  Ice            0%         4d7       100%        7
 Summon Small Mammal      Summ           Unusable   N/A       N/A         1
 Death Channel            Necr           Unusable   N/A       N/A         6

Dungeon Overview and Level Annotations

Branches:
Dungeon (10/15)            Temple (1/1) D:5            Lair (3/5) D:10
  Swamp (0/4) Lair:3       Spider (0/4) Lair:3      Ossuary (visited)
  IceCv (1/1)
    Orc: D:9-12

Altars:
Ashenzari
Cheibriados
Dithmenos
Elyvilon
Fedhas
Gozag
Hepliaklqana
Kikubaaqudgha
Makhleb
Nemelex Xobeh
Okawaru
Qazlal
Ru
Sif Muna
Trog
Uskayaw
Vehumet
Wu Jian
Xom
Yredelemnul
Zin
The Shining One

Shops:
D:2 =   D:8 :[   D:10 *

Annotations:
D:4 1 runed translucent door, Crazy Yiuf


Innate Abilities, Weirdness & Mutations

You have a pair of horns on your head.
You reflexively headbutt those who attack you in melee.


Message History

You chop one of the three-headed hydra simulacrum's heads off!
You slice the two-headed hydra simulacrum!!
The two-headed hydra simulacrum is heavily damaged.
The two-headed hydra simulacrum bites you.
The two-headed hydra simulacrum freezes you!!
The two-headed hydra simulacrum bites you but does no damage.
You hack one of the two-headed hydra simulacrum's heads off!
You slice the one-headed hydra simulacrum!!
You headbutt the one-headed hydra simulacrum.
The one-headed hydra simulacrum vaporises!
Okawaru accepts your kill.
You barely miss the troll simulacrum.
An anaconda simulacrum comes into view.
The troll simulacrum bites you but does no damage.
You block the troll simulacrum's attack.
The troll simulacrum claws you but does no damage.
The spriggan simulacrum hits you but does no damage.
You slice the troll simulacrum!!
The troll simulacrum is almost destroyed.
You slash the spriggan simulacrum!
You are engulfed in freezing vapours.
You block the troll simulacrum's attack.
The troll simulacrum closely misses you.
The troll simulacrum misses you.
You completely miss the troll simulacrum.
The troll simulacrum is almost destroyed.
You hit the anaconda simulacrum.
You hit the spriggan simulacrum but do no damage.
You are engulfed in freezing vapours.
The anaconda simulacrum grabs you. The anaconda simulacrum bites you!
* * * LOW HITPOINT WARNING * * *
The anaconda simulacrum freezes you!
* * * LOW HITPOINT WARNING * * *
The anaconda simulacrum constricts you.
The spriggan simulacrum hits you but does no damage.
The anaconda simulacrum bites you.
* * * LOW HITPOINT WARNING * * *
The anaconda simulacrum freezes you!!
* * * LOW HITPOINT WARNING * * *
The anaconda simulacrum constricts you.
You die...

## #### #.#. ##..##
#### .....
##....#####..## #.....
#.......##....##......
#.∩.∩.......#.........
#..........###ZZ......
##....##..##§@Z#......
##..#######○Z###.....
#### #§.# ..... ##☼§
.... §§## ..# .## # ..
.. ...


You could see an anaconda simulacrum, a polar bear simulacrum, a spriggan
simulacrum and a troll simulacrum.

Vanquished Creatures
  Josephine (D:10)
  A boulder beetle (Lair:1)
  2 two-headed ogres
  3 death yaks (Lair:1)
  Urug (Lair:2)
  Amaemon (Lair:1)
  A black mamba (Lair:2)
  Psyche (D:10)
  2 rime drakes (Lair:3)
  2 cane toads
  An orange demon (Lair:1)
  An unseen horror (D:10)
  A komodo dragon (Lair:2)
  2 trolls
  2 hornets
  Prince Ribbit (D:5)
  7 blink frogs
  4 wraiths (D:10)
  17 yaks
  Eustachio (D:5)
  Grum (Lair:1)
  2 steam dragons
  An acid dragon (D:10)
  A hydra simulacrum (IceCv)
  9 water moccasins
  Duvessa (D:6)
  An orc warrior (D:8)
  5 black bears
  2 ice beasts
  An ogre (D:6)
  4 centaurs
  10 wolves
  2 phantoms
  A necrophage (D:7)
  2 kobold brigands
  6 bullfrogs
  A cane toad simulacrum (IceCv)
  A wyvern skeleton (D:6)
  2 scorpions
  19 wights
  Dowan (D:6)
  2 water moccasin skeletons (D:6)
  11 killer bees
  A howler monkey (D:6)
  3 hounds
  A human zombie (D:7)
  4 jellies
  3 bullfrog zombies (D:6)
  4 gnoll boudas
  2 bullfrog skeletons (D:6)
  7 orc priests
  A centaur skeleton (D:6)
  Natasha (D:2)
  3 iguanas
  10 orc wizards
  2 troll simulacra (IceCv)
  A hound skeleton (D:2)
  A howler monkey zombie (D:6)
  8 mummies (Ossuary)
  20 gnolls
  5 adders
  A shadow imp (D:7)
  4 white imps
  3 ufetubi
  An adder skeleton (D:2)
  An adder zombie (D:2)
  3 worms
  8 dart slugs (D:4)
  32 orcs
  3 ball pythons
  9 endoplasms
  A giant cockroach (D:1)
  2 gnoll zombies (Ossuary)
  7 goblins
  4 hobgoblins
  5 jackals
  12 kobolds
  3 quokkas (D:1)
  2 training dummies (D:6)
  A ball python skeleton (D:2)
  6 bats
  3 frilled lizards
  A hobgoblin zombie (Ossuary)
  A jackal skeleton (D:2)
  A kobold zombie (Ossuary)
  4 orc zombies (Ossuary)
  A quokka zombie (D:2)
  9 rats
343 creatures vanquished.

Vanquished Creatures (others)
  An orc (D:6)
  A fungus (Lair:1)
  5 plants
  23 withered plants
30 creatures vanquished.

Grand Total: 373 creatures vanquished

Notes
Turn   | Place    | Note
-------+----------+-------------------------------------------
     0 | D:1      | bmack86 the Minotaur Fighter began the quest for the Orb.
     0 | D:1      | Reached XP level 1. HP: 19/19 MP: 0/0
   302 | D:1      | Reached XP level 2. HP: 27/27 MP: 1/1
   813 | D:1      | Reached XP level 3. HP: 30/33 MP: 2/2
  1312 | D:2      | Reached XP level 4. HP: 40/41 MP: 3/3
  1525 | D:2      | Noticed Natasha
  1531 | D:2      | Killed Natasha
  1536 | D:2      | Found the +4 dagger "Morg" {pain, Will+ Int+5}
  1793 | D:2      | Found Cava's Jewellery Emporium.
  1805 | D:2      | Identified the +4 rapier of the Morning {vamp, rCorr Int+7
                  | Dex+2 Stlth-}
  2122 | D:3      | Reached XP level 5. HP: 47/47 MP: 4/4
  2183 | D:3      | Identified the amulet of Sunlight {Spirit Will+ Str+3}
  2214 | D:3      | Reached skill level 5 in Fighting
  2936 | D:4      | Found a runed translucent door.
  2937 | D:4      | Noticed Crazy Yiuf
  3257 | D:4      | Identified the +6 scale mail "Kicuet" {rN++ Dex+2}
  3320 | D:4      | Reached XP level 6. HP: 49/56 MP: 5/5
  3330 | D:4      | Reached skill level 1 in Throwing
  3644 | D:5      | Entered Level 5 of the Dungeon
  3673 | D:5      | Reached skill level 5 in Axes
  3767 | D:5      | Reached skill level 5 in Shields
  3874 | D:5      | Noticed an ice beast
  3875 | D:5      | Found a staircase to the Ecumenical Temple.
  3880 | D:5      | Killed an ice beast
  3881 | D:5      | Reached skill level 5 in Armour
  3881 | D:5      | Reached XP level 7. HP: 63/63 MP: 6/6
  3932 | D:5      | Identified the +7 mace of Jigaof {pain, Will++ Dex+2}
  4009 | D:6      | Noticed Prince Ribbit
  4011 | D:6      | Noticed Eustachio
  4029 | D:5      | Killed Eustachio
  4112 | D:5      | Reached XP level 8. HP: 70/73 MP: 5/7
  4198 | D:6      | Noticed Duvessa
  4205 | D:6      | Noticed Dowan
  4632 | D:5      | Noticed a hornet
  4634 | D:5      | Killed a hornet
  4816 | D:5      | Killed Prince Ribbit
  4817 | D:5      | Reached XP level 9. HP: 69/82 MP: 6/8
  4917 | D:6      | Killed Dowan
  5479 | D:6      | Killed Duvessa
  5666 | D:6      | Found an opulent altar of Gozag.
  5667 | D:6      | Found a sparkling altar of Nemelex Xobeh.
  5703 | Temple   | Entered the Ecumenical Temple
  5965 | Temple   | Became a worshipper of Warmaster Okawaru
  6592 | D:7      | Found a sand-covered staircase.
  6621 | Ossuary  | Entered an ossuary
  6900 | D:7      | Reached skill level 10 in Fighting
  6900 | D:7      | Reached XP level 10. HP: 88/93 MP: 7/9
  7008 | D:7      | Noticed a two-headed ogre
  7017 | D:7      | Killed a two-headed ogre
  7017 | D:7      | Reached * piety under Okawaru
  7018 | D:7      | Reached skill level 10 in Axes
  7018 | D:7      | Reached skill level 5 in Throwing
  8020 | D:8      | Reached ** piety under Okawaru
  8173 | D:8      | Reached skill level 1 in Invocations
  8221 | D:8      | Found Yjaciuz's Armour Shop.
  8339 | D:8      | Found Duod's Book Shop.
  9163 | D:10     | Entered Level 10 of the Dungeon
  9393 | D:10     | Noticed Psyche
  9403 | D:10     | Killed Psyche
  9403 | D:10     | Reached *** piety under Okawaru
  9404 | D:10     | Reached XP level 11. HP: 87/102 MP: 8/11
  9490 | D:10     | Found Coeshosh's Changing Room.
  9616 | D:10     | Noticed Josephine
  9632 | D:10     | Killed Josephine
  9632 | D:10     | Reached **** piety under Okawaru
  9808 | D:10     | Found a staircase to the Lair.
 10096 | D:10     | Noticed a two-headed ogre
 10107 | D:10     | Killed a two-headed ogre
 10375 | Lair:1   | Entered Level 1 of the Lair of Beasts
 10384 | Lair:1   | Noticed a boulder beetle
 10417 | Lair:1   | Killed a boulder beetle
 10417 | Lair:1   | Received a gift from Okawaru
 10418 | Lair:1   | Noticed Amaemon
 10435 | Lair:1   | Killed Amaemon
 10776 | Lair:1   | Identified the +3 scale mail "Ninyseom" {Regen+}
 10848 | Lair:1   | Noticed a death yak
 10855 | Lair:1   | Noticed a death yak
 10857 | Lair:1   | Noticed a death yak
 10868 | Lair:1   | Killed a death yak
 10875 | Lair:1   | Killed a death yak
 10883 | Lair:1   | Killed a death yak
 10983 | Lair:1   | Noticed Grum
 10994 | Lair:1   | Killed Grum
 11008 | Lair:1   | Reached XP level 12. HP: 81/113 MP: 14/14
 11674 | Lair:2   | Reached ***** piety under Okawaru
 11742 | Lair:2   | Noticed Urug
 11759 | Lair:2   | Killed Urug
 11759 | Lair:2   | Received a gift from Okawaru
 12185 | Lair:2   | Identified the +8 flail of Dung {speed, Str+4}
 12587 | Lair:3   | Identified a scroll of acquirement
 12588 | Lair:3   | Acquired the ring of Youthful Indiscretion {rElec rCorr
                  | Str+7 Dex-2 Slay+4}
 12631 | Lair:3   | Reached skill level 10 in Shields
 12714 | Lair:3   | Found a frozen archway.
 12732 | Lair:3   | Reached skill level 10 in Armour
 12732 | Lair:3   | Reached skill level 5 in Invocations
 12743 | IceCv    | Entered an ice cave
 12771 | IceCv    | HP: 2/115 [anaconda simulacrum (16)]
 12771 | IceCv    | Constricted to death by an anaconda simulacrum

Illustrated notes

Levels and vault maps discovered:
D:1:      dpeg_arrival_court, layout_loops_corners, minmay_door_square,
          nicolae_figureground_pulse
D:2:      layout_loops_corners, serial_shops, nicolae_shop_crystal,
          dilly_guarded_unrand_morg
D:3:      layout_loops_ring
D:4:      kennysheep_slugbush, layout_basic, uniq_crazy_yiuf_cottage
D:5:      layout_gridville, minmay_temple_entry_from_below_a, serial_glass,
          glass_columns_a, glass_columns_a, glass_columns_a, glass_columns_a
D:6:      dreamdust_elfheim, layout_cave_pools, grunt_temple_overflow_opulence,
          serial_undead, serial_undead_a, serial_undead_f, serial_undead_d,
          serial_undead_f, serial_undead_c, serial_undead_d, serial_undead_a,
          serial_undead_a, minmay_misc_feat_pillars, st_stairs_9,
          minmay_misc_feat_columns, uniq_eustachio, uniq_prince_ribbit1
D:7:      layout_layer_cave, enter_ossuary_3
D:8:      layout_cave_pools, serial_shops, nicolae_shop_behind_doors, shop
D:9:      layout_rooms
D:10:     layout_grid_maze, lair_entry_dummy, nicolae_transmutations_shop,
          minmay_misc_feat_chi, uniq_psyche, uniq_josephine
Temple:   mainiacjoe_temple_big_plus
Lair:1:   layout_cave_pods, infiniplex_staircase_pool_2, uniq_grum, uniq_amaemon
Lair:2:   layout_chaotic_city, minivault_27, uniq_urug
Lair:3:   layout_roguey, nicolae_swamp_entry_splash_gauntlet,
          nicolae_spider_entry_non_spiders, serial_forest,
          infiniplex_forest_straight_4, infiniplex_forest_lined_3,
          infiniplex_forest_lined_ring, infiniplex_forest_end_3,
          infiniplex_forest_straight_2, infiniplex_forest_diagonal,
          infiniplex_forest_lined_room_3, portal_ice_cave_rime
IceCv:    ice_cave_small_demon

Skill      XL: |  1  2  3  4  5  6  7  8  9 10 11 12 |
---------------+-------------------------------------+-----
Fighting       | 4 5 6 7 8 10 11 12 13 | 13.5
Axes           | 3 4 5 6 8 9 11 12 13 | 13.3
Shields        | 4 5 6 7 8 9 10 | 10.1
Armour         | 4 5 6 7 8 9 10 | 10.0
Throwing       | 1 2 3 4 6 7 |  7.4
Invocations    | 2 4 5 |  5.0

Action                   |  1- 3 |  4- 6 |  7- 9 | 10-12 || total
-------------------------+-------+-------+-------+-------++-------
Melee: War axe           |   105 |   129 |   246 |   427 ||   907
       Headbutt          |     5 |    18 |    53 |    98 ||   174
Throw: Dart              |       |     2 |       |       ||     2
       Boomerang         |       |       |       |    16 ||    16
Invok: Heroism           |       |       |       |     7 ||     7
       Finesse           |       |       |       |     1 ||     1
  Use: Scroll            |     8 |     8 |     7 |     6 ||    29
       Potion            |       |       |     1 |     1 ||     2
Armor: Scale mail        |    72 |   114 |   290 |   290 ||   766
Dodge: Dodged            |    48 |    88 |   163 |   244 ||   543
Block: Buckler           |    34 |    39 |   129 |   193 ||   395

Table legend: (Time is in decaauts)
 A = Elapsed time spent in this place.
 B = Non-inter-level travel time spent in this place.
 C = Inter-level travel time spent in this place.
 D = Time resting spent in this place.
 E = Time spent auto-exploring this place.
 F = Levels seen in this place.
 G = Mean time per level.
                   A        B        C        D        E       F      G
               +--------+--------+--------+--------+--------+-----+--------+
         Total |  12869 |  12537 |    332 |    703 |   7543 |  16 |  804.3 |
       Dungeon |   9880 |   9611 |    269 |    397 |   5784 |  10 |  988.0 |
        Temple |    423 |    393 |     30 |      0 |    376 |   1 |  423.0 |
          Lair |   2325 |   2292 |     33 |    289 |   1382 |   3 |  775.0 |
       Ossuary |    213 |    213 |      0 |     17 |      0 |   1 |  213.0 |
      Ice Cave |     26 |     26 |      0 |      0 |      0 |   1 |   26.0 |
               +--------+--------+--------+--------+--------+-----+--------+

Top non-repeatable levels by time:
  Lair:1: 1262 daAuts
     D:7: 1248 daAuts
    D:10: 1227 daAuts
     D:1: 1190 daAuts
     D:6: 1179 daAuts
     D:5: 1160 daAuts
     D:2: 978 daAuts
  Lair:2: 909 daAuts
     D:4: 861 daAuts
     D:3: 696 daAuts
     D:8: 693 daAuts
     D:9: 643 daAuts
  Temple: 423 daAuts
 Ossuary: 213 daAuts
  Lair:3: 153 daAuts
